AoeStats
← dbriscik aka Bor

Hideout

507838853Analyzed
1v1 RM · 11d ago on Sep 19, 2026· 88m 1s· 2 players
Game mode
Random Map
Map size
Tiny (2 player)
Population
200
Speed
Normal
Resources
Standard
Victory
Conquest
Starting age
Dark Age
Ending age
Imperial Age
RankedLock teamsTeams togetherTeam positionsShared explorationLock speedFull tech treeHidden civsTurbo modeCheats
Victory
Defeat
🇲🇽 Celts · Mexico
952
+13
🇸🇮 Hindustanis · Slovenia
897
-13
dbriscik aka Bor
0:28 Loom
12:14 Feudal Age
13:11 Town Watch
14:02 Wheelbarrow
17:00 Horse Collar
17:15 Double-Bit Axe
22:57 Castle Age
21:27 Stone Mining
21:59 Gold Mining
22:07 Fletching
23:58 Hand Cart
24:20 Bow Saw
25:22 Fortified Wall
28:37 Heavy Plow
33:10 Stone Shaft Mining
34:31 Gold Shaft Mining
36:53 Imperial Age
35:17 Ballistics
34:53 Murder Holes
35:09 Masonry
35:07 Town Patrol
35:28 Forging
35:19 Scale Mail Armor
35:25 Scale Barding Armor
36:01 Husbandry
36:13 Bodkin Arrow
36:54 Iron Casting
38:34 Chemistry
37:40 Siege Engineers
37:47 Bloodlines
38:00 Chain Mail Armor
39:26 Two-Man Saw
38:29 Bracer
39:21 Heavy Camel Rider
39:58 Onager
42:44 Blast Furnace
44:17 Conscription
45:57 Imperial Camel Rider
46:42 Shatagni
48:37 Grand Trunk Road
50:24 Imperial Camel Rider
52:13 Chain Barding Armor
53:34 Plate Barding Armor
52:35 Elite Skirmisher
54:56 Elite Ghulam
somohano89
3:08 Loom
9:58 Feudal Age
10:57 Double-Bit Axe
11:24 Horse Collar
18:25 Castle Age
17:21 Stone Mining
20:37 Fletching
20:38 Town Watch
21:32 Wheelbarrow
27:59 Arson
29:11 Gold Mining
31:41 Ballistics
31:17 Murder Holes
31:33 Fortified Wall
32:17 Forging
32:07 Scale Mail Armor
33:48 Hand Cart
33:54 Chain Mail Armor
33:20 Pikeman
33:45 Gambesons
35:43 Town Patrol
35:46 Heavy Plow
35:59 Bow Saw
37:20 Stronghold
40:07 Imperial Age
38:16 Iron Casting
37:36 Bodkin Arrow
37:42 Padded Archer Armor
40:43 Leather Archer Armor
41:50 Chemistry
41:13 Furor Celtica
41:40 Conscription
42:00 Hoardings
41:47 Elite Woad Raider
41:50 Halberdier
42:22 Elite Skirmisher
42:57 Heavy Scorpion
45:29 Blast Furnace
45:00 Ring Archer Armor
45:07 Guilds
44:36 Onager
50:22 Plate Mail Armor
53:46 Siege Onager
69:46 Capped Ram
70:59 Siege Ram
Connection lost

Rejoining the realm…

Still unreachable

The connection could not be restored.

Session expired

The server has moved on; the page needs a fresh start.